 Dungeon Crawl Stone Soup version 0.31-a0-222-gefeffbb62a (webtiles) character file.

Game seed: 5459202495479513227

146 Nietzsche the Covered (level 5, -1/41 HPs)
             Began as a Demonspawn Fighter on July 5, 2023.
             Killed by divine providence
             ... invoked by an orc priest
              (9 damage)
             ... on level 3 of the Dungeon.
             The game lasted 00:04:18 (1919 turns).

Nietzsche the Covered (Demonspawn Fighter)          Turns: 1919, Time: 00:04:18

Health: -1/41      AC: 10    Str: 16    XL:     5   Next: 7%
Magic:  7/7        EV:  9    Int: 12    God:
Gold:   53         SH:  4    Dex: 12    Spells: 7/7 levels left

rFire   . . .        a - +0 war axe
rCold   . . .        (no shield)
rNeg    . . .        b - +0 scale mail
rPois   .            f - +0 helmet
rElec   .            (no cloak)
rCorr   .            (no gloves)
SInv    .            (no boots)
Will    .....        (no amulet) Stlth
                     (no ring)
HPRegen 0.26/turn    (no ring)
MPRegen 0.10/turn

%: no passive effects
@: mighty
A: thin metallic scales 1, condensation shield, weakness stinger 1
a: no special abilities


You were on level 3 of the Dungeon.
You visited 1 branch of the dungeon, and saw 3 of its levels.

You collected 53 gold pieces.

Inventory:

Hand Weapons
 a - a +0 war axe (weapon)
Armour
 b - a +0 scale mail (worn)
 c - a +0 buckler
 f - a +0 helmet (worn)
Magical Staves
 q - a staff of air
Scrolls
 e - a scroll of identify {unknown}
 g - a scroll of noise {unknown}
 h - a scroll of fog {unknown}
 k - a scroll of blinking {unknown}
 m - a scroll of enchant armour {unknown}
 o - a scroll of immolation {unknown}
Potions
 i - a potion of cancellation {unknown}
 j - a potion of magic {unknown}
 l - a potion of haste {unknown}
 n - a potion of enlightenment {unknown}
 p - a potion of ambrosia {unknown}
 r - a potion of curing {unknown}


   Skills:
 + Level 3.6 Fighting
 + Level 3.0 Axes
 + Level 3.6 Armour
 + Level 2.8 Shields
 * Level 1.5 Spellcasting


You had 7 spell levels left.
You didn't know any spells.
Your spell library was empty.

Dungeon Overview and Level Annotations

Branches:
Dungeon (3/15)

Altars:

Shops:
D:3 [


Innate Abilities, Weirdness & Mutations

You are partially covered in thin metallic scales. (AC +2)
A meltable shield of frost defends you. (SH +4)
You have a small tail.


Message History

The orc hits you with a +0 war axe.
You hit the orc but do no damage.
You tail-slap the orc, but do no damage.
The orc is lightly wounded.
The orc barely misses you.
You slash the orc!
You kill the orc!
The orc wizard points at you and mumbles some strange words.
The magic dart hits you.
* * * LOW HITPOINT WARNING * * *
The orc wizard gestures at you while chanting.
The magic dart hits you but does no damage.
The orc wizard gestures wildly while chanting.
The orc wizard flickers and vanishes!
Deactivating autopickup; reactivate with Ctrl-A.
The orc priest looks satisfied for a moment.
A puff of flame appears from out of thin air!
The puff of flame misses you.
You see here an adder corpse.
Okay, then.
You feel very mighty all of a sudden.
A magic dart appears from out of thin air!
The magic dart hits you.
* * * LOW HITPOINT WARNING * * *
Something hits you.
* * * LOW HITPOINT WARNING * * *
The orc priest looks encouraged for a moment.
You completely miss something. Something hits you but does no damage.
You slash something!
Reactivating autopickup.
You feel a bit more experienced.
The orc priest begins to cast a cantrip, but forgets the words!
Your Axes skill increases to level 3!
You have reached level 5!
You hit the orc.
The orc is moderately wounded.
The orc hits you but does no damage.
The orc priest mumbles some strange prayers to Beogh against you.
Beogh smites you!
You die...

##.#.######.#
####.. ##.##
#.###....# #.#
#......... #.#
######.....
#.#
#.(........
#.#
#....#####.
#.# #.#..# .
#.# #.#..# #@#
#.#..# #o#
#<#... ###o###
#.#.###
#..ol.# #.#..
#.#S#.####.###
#.#...{o##.# #
###.#o##.#
...#o##.#
#####o##.#


You could see an orc priest, 2 orcs, a ball python and a frilled lizard.

Vanquished Creatures
  An orc wizard (D:3)
  5 adders
  A worm (D:2)
  2 dart slugs
  An orc (D:3)
  A ball python (D:2)
  5 endoplasms
  3 giant cockroaches
  8 goblins
  8 hobgoblins
  2 jackals (D:1)
  4 quokkas
  6 bats
  9 frilled lizards
  7 kobolds
  5 rats (D:1)
68 creatures vanquished.

Notes
Turn   | Place    | Note
-------+----------+-------------------------------------------
     0 | D:1      | Nietzsche the Demonspawn Fighter began the quest for the
                  | Orb.
     0 | D:1      | Reached XP level 1. HP: 18/18 MP: 1/1
   291 | D:1      | Gained mutation: You are partially covered in thin metallic
                  | scales. (AC +2) [demonic ancestry]
   291 | D:1      | Reached XP level 2. HP: 24/24 MP: 2/2
   391 | D:1      | Gained mutation: You have a small tail. [demonic ancestry]
   391 | D:1      | Reached XP level 3. HP: 29/29 MP: 2/4
   712 | D:1      | Reached skill level 1 in Spellcasting
  1419 | D:2      | Gained mutation: A meltable shield of frost defends you.
                  | (SH +4) [demonic ancestry]
  1419 | D:2      | Reached XP level 4. HP: 34/35 MP: 5/5
  1896 | D:3      | Found Weutin's Armour Shoppe.
  1919 | D:3      | Reached XP level 5. HP: 7/41 MP: 7/7
  1919 | D:3      | Killed from afar by an orc priest

Illustrated notes

Levels and vault maps discovered:
D:1:      dpeg_cavernosity, layout_basic, minmay_hexomino_u4
D:2:      layout_loops_ring
D:3:      layout_loops_ring, good_gods_mini_temple,
          nicolae_dithmenos_shadow_blocks, nicolae_overflow_hidden_temple,
          serial_shops, nicolae_shop_crystal, uniq_natasha

Skill      XL: |  1  2  3  4 |
---------------+-------------+-----
Axes           | 2 3 |  3.0
Armour         | 3 |  3.6
Spellcasting   | 1 |  1.5
Fighting       | |  3.6
Shields        | |  2.8

Action                     |  1- 3 |  4- 6 || total
---------------------------+-------+-------++-------
  Melee: War axe           |   141 |    65 ||   206
         Punch             |     1 |       ||     1
         Tailslap          |    10 |     5 ||    15
    Use: Potion            |       |     1 ||     1
 Armour: Scale mail        |    74 |    33 ||   107
  Dodge: Dodged            |    77 |    32 ||   109
  Block: Other             |       |    16 ||    16

Table legend: (Time is in decaauts)
 A = Elapsed time spent in this place.
 B = Non-inter-level travel time spent in this place.
 C = Inter-level travel time spent in this place.
 D = Time resting spent in this place.
 E = Time spent auto-exploring this place.
 F = Levels seen in this place.
 G = Mean time per level.
                   A        B        C        D        E       F      G
               +--------+--------+--------+--------+--------+-----+--------+
         Total |   1996 |   1790 |    206 |      0 |   1270 |   3 |  665.3 |
       Dungeon |   1996 |   1790 |    206 |      0 |   1270 |   3 |  665.3 |
               +--------+--------+--------+--------+--------+-----+--------+

Top non-repeatable levels by time:
     D:1: 1178 daAuts
     D:2: 692 daAuts
     D:3: 125 daAuts
